 Dungeon Crawl Stone Soup version 0.31-a0-233-g139696dc86 (webtiles) character file.

Game seed: 1015012634605774956

4543 qw the Skirmisher (level 10, -3/88 HPs)
             Began as a Minotaur Hexslinger on July 9, 2023.
             Was a Believer of Okawaru.
             Slain by Grum
             ... wielding a -2 glaive
              (18 damage)
             ... while paralysed by Grum
             ... on level 9 of the Dungeon.
             The game lasted 00:03:24 (8345 turns).

qw the Skirmisher (Minotaur Hexslinger)             Turns: 8345, Time: 00:03:25

Health: -3/88      AC:  8    Str: 10 (13) XL:     10   Next: 17%
Magic:  11/12      EV:  2    Int:  7 (10) God:    Okawaru [**....]
Gold:   459        SH:  0    Dex: 15 (17) Spells: 10/11 levels left

rFire   + . .        Y - +2 orcbow
rCold   . . .        (shield currently unavailable)
rNeg    . . .        d - +1 leather armour {rF+}
rPois   .            (helmet restricted)
rElec   .            f - +0 cloak
rCorr   .            k - +1 pair of gloves
SInv    +            (no boots)
Will    .....        (no amulet)
Stlth   +++          b - ring of see invisible
HPRegen 0.34/turn    (no ring)
MPRegen 0.13/turn

%: no passive effects
@: paralysed, heroic
A: horns 2, retaliatory headbutt
a: Renounce Religion, Heroism


You were on level 9 of the Dungeon.
You worshipped Okawaru.
Okawaru was pleased with you.
You visited 1 branch of the dungeon, and saw 9 of its levels.

You collected 459 gold pieces.


Innate Abilities, Weirdness & Mutations

You have a pair of horns on your head.
You reflexively headbutt those who attack you in melee.


   Skills:
 - Level 8.0(13.0) Fighting
 + Level 12.7(17.7) Ranged Weapons
 - Level 2.9(7.9) Armour
 - Level 5.0(10.0) Dodging
 - Level 1.0 Spellcasting
 - Level 2.0 Hexes
 - Level 4.3 Invocations


You had 10 spell levels left.
You knew the following spells:

 Your Spells              Type           Power      Damage    Failure   Level
a - Slow                  Hex            12%        N/A       24%         1

Your spell library contained the following spells:

 Spells                   Type           Power      Damage    Failure   Level
 Inner Flame              Hex/Fire       1%         N/A       71%         3
 Portal Projectile        Hex/Tloc       2%         N/A       71%         3
 Cause Fear               Hex            1%         N/A       93%         4

Inventory:

Hand Weapons
 Y - a +2 orcbow (weapon)
Armour
 d - a +1 leather armour of fire resistance (worn)
 e - a +2 pair of gloves
 f - a +0 cloak (worn)
 h - +0 steam dragon scales
 k - a +1 pair of gloves (worn)
Jewellery
 b - a ring of see invisible (left hand)
 p - a ring of protection from cold
Scrolls
 g - 4 scrolls of teleportation
 o - a scroll of identify
Potions
 a - a potion of haste
 c - 3 potions of curing
 i - 3 potions of might
 j - a potion of resistance
 l - a potion of enlightenment {unknown}
 m - a potion of heal wounds
 n - a potion of mutation {unknown}

Dungeon Overview and Level Annotations

Branches:
Dungeon (9/15)             Temple (0/1) D:4
   Lair: D:8-11         Orc: D:9-12

Altars:
Ashenzari
Cheibriados
Nemelex Xobeh
Okawaru

Shops:
D:5 [

Annotations:
D:9 Grum


Message History

The gnoll sergeant barely misses you.
Grum zaps a wand.
You easily resist.
You shoot an arrow.
The arrow barely misses the gnoll sergeant.
You feel like a meek peon again.
You hear a bellow! x2
8335 ||| INVOKING Heroism.
You gain the combat prowess of a mighty hero.
The gnoll barely misses you. The gnoll sergeant barely misses you.
You furiously retaliate!
You headbutt the gnoll sergeant! Grum closely misses you.
You shoot an arrow.
The arrow closely misses the gnoll sergeant.
The gnoll hits you with a +0 flail. The gnoll sergeant barely misses you.
You furiously retaliate!
You headbutt the gnoll sergeant! Grum misses you.
You shoot an arrow. The arrow hits the gnoll sergeant!
You kill the gnoll sergeant!
Okawaru accepts your kill.
You hear a bellow!
Grum completely misses you. The gnoll closely misses you.
You shoot an arrow. The arrow closely misses the gnoll.
The gnoll hits you with a +0 flail. Grum closely misses you.
You shoot an arrow. The arrow hits the gnoll.
The gnoll is moderately wounded.
You shoot an arrow. The arrow hits the gnoll!!
You kill the gnoll!
Okawaru accepts your kill. Grum completely misses you.
You shoot an arrow. The arrow hits Grum!
Grum is severely wounded.
A yak comes into view.
Grum misses you.
You shoot an arrow. The arrow barely misses Grum.
You shoot an arrow. The arrow barely misses Grum.
Grum zaps a wand.
You suddenly lose the ability to move!
The now-empty wand crumbles to dust.
A yak comes into view.
Grum hits you from afar with a -2 glaive!!
You hear a bellow!
Grum hits you from afar with a -2 glaive!!
You die...

#.#########g
###.........g.
#########.............
....................
########.....h.....
.....:...>.....g.#
....###........)#####...
....# #........Y@)))....
#..#####.......:###.....
..............### ...
.##...........# .
.#............###.
.#.....)..........#
.............######
##..............
.......###...####


You could see Grum, a yak and a wolf.

Vanquished Creatures
  Maggie (D:7)
  A shadow (D:9)
  2 steam dragons
  3 yaks
  3 water moccasins
  2 orc warriors
  4 ice beasts
  3 black bears
  A wolf (D:9)
  A centaur (D:9)
  3 ogres
  2 phantoms
  4 kobold brigands
  6 bullfrogs
  2 gnoll sergeants
  2 scorpions
  A killer bee (D:7)
  3 howler monkeys (D:7)
  A human zombie (D:4)
  2 hounds
  A jelly (D:7)
  5 orc priests
  A human skeleton (D:4)
  An iguana (D:4)
  5 orc wizards
  A sleepcap (D:4)
  4 gnolls (D:9)
  4 adders
  An ufetubus (D:7)
  2 worms
  4 dart slugs (D:1)
  17 orcs
  6 ball pythons
  7 bats
  5 endoplasms
  2 giant cockroaches (D:2)
  10 goblins
  6 hobgoblins
  6 jackals
  3 quokkas
  3 frilled lizards (D:1)
  28 kobolds
  3 orc skeletons (D:4)
  An orc zombie (D:4)
  8 rats
181 creatures vanquished.

Vanquished Creatures (others)
  A bullfrog (D:7)
  An orc (D:7)
2 creatures vanquished.

Grand Total: 183 creatures vanquished

Notes
Turn   | Place    | Note
-------+----------+-------------------------------------------
     0 | D:1      | qw the Minotaur Hexslinger began the quest for the Orb.
     0 | D:1      | Reached XP level 1. HP: 16/16 MP: 1/1
     0 | D:1      | 0 ||| qw: Version: 0.3-a-51-g015441d
     0 | D:1      | 0 ||| qw: Game counter: 3859
     0 | D:1      | 0 ||| qw: Melee chars always use a shield: true
     0 | D:1      | 0 ||| qw: God list: Okawaru
     0 | D:1      | 0 ||| qw: Allow faded altars: false
     0 | D:1      | 0 ||| qw: Do Orc after clearing Dungeon:15 true
     0 | D:1      | 0 ||| qw: Do second Lair branch before Depths: true
     0 | D:1      | 0 ||| qw: Lair rune preference: random
     0 | D:1      | 0 ||| qw: Goals: Normal
     0 | D:1      | 0 ||| PLANNING D:1-11
    65 | D:1      | 65 ||| FLEEEEING.
    70 | D:1      | Reached skill level 3 in Ranged Weapons
    70 | D:1      | Reached XP level 2. HP: 22/23 MP: 2/2
   213 | D:1      | 213 ||| Stepping ~*~*~tactically~*~*~ (outnumbered).
   485 | D:1      | Reached XP level 3. HP: 22/29 MP: 3/3
   689 | D:1      | Found a faded altar of an unknown god.
   883 | D:1      | 883 ||| UPGRADING to +0 ring mail.
   893 | D:1      | 893 ||| DROPPING +0 robe.
   894 | D:1      | 894 ||| READING scroll labelled GAHOIDW NOEMYW.
   895 | D:1      | 895 ||| READING 2 scrolls labelled OZXERCH SENYU.
   900 | D:1      | 900 ||| READING 2 scrolls labelled GEUMERPH HEIGEL.
   901 | D:1      | 901 ||| READING scroll labelled OBRIAVEXEL.
   902 | D:1      | 902 ||| DROPPING scroll of poison.
   903 | D:1      | 903 ||| DROPPING scroll of noise.
  1068 | D:2      | Reached skill level 4 in Ranged Weapons
  1241 | D:2      | Identified the +2 war axe of Dim Light {flame, rPois rC+}
  1392 | D:2      | You fall into a shaft and drop 1 floor!
  1420 | D:3      | 1420 ||| UPGRADING to ring of see invisible.
  1421 | D:3      | 1421 ||| READING scroll labelled YNATSAVYOMM.
  1422 | D:3      | 1422 ||| READING scroll labelled TIRIARIUFE.
  1682 | D:3      | Reached skill level 1 in Armour
  1797 | D:3      | Found a snail-covered altar of Cheibriados.
  1801 | D:3      | Reached XP level 4. HP: 36/36 MP: 4/4
  1801 | D:3      | Found an iron altar of Okawaru.
  1857 | D:3      | 1857 ||| PLANNING OKAWARU WORSHIP
  1863 | D:3      | 1863 ||| FLEEEEING.
  1866 | D:3      | 1866 ||| FLEEEEING.
  1867 | D:3      | 1867 ||| FLEEEEING.
  1868 | D:3      | 1868 ||| FLEEEEING.
  1872 | D:3      | 1872 ||| FLEEEEING.
  1873 | D:3      | 1873 ||| FLEEEEING.
  1874 | D:3      | 1874 ||| FLEEEEING.
  1875 | D:3      | 1875 ||| FLEEEEING.
  1876 | D:3      | 1876 ||| FLEEEEING.
  1881 | D:3      | 1881 ||| FLEEEEING.
  1882 | D:3      | 1882 ||| FLEEEEING.
  1886 | D:3      | 1886 ||| FLEEEEING.
  1887 | D:3      | 1887 ||| FLEEEEING.
  1888 | D:3      | 1888 ||| FLEEEEING.
  1889 | D:3      | 1889 ||| FLEEEEING.
  1890 | D:3      | 1890 ||| FLEEEEING.
  1896 | D:3      | 1896 ||| FLEEEEING.
  1897 | D:3      | 1897 ||| FLEEEEING.
  1898 | D:3      | 1898 ||| FLEEEEING.
  1899 | D:3      | 1899 ||| FLEEEEING.
  1900 | D:3      | 1900 ||| FLEEEEING.
  1901 | D:3      | 1901 ||| FLEEEEING.
  1902 | D:3      | 1902 ||| FLEEEEING.
  1903 | D:3      | 1903 ||| FLEEEEING.
  1907 | D:3      | 1907 ||| FLEEEEING.
  1908 | D:3      | 1908 ||| FLEEEEING.
  1925 | D:3      | 1925 ||| UPGRADING to +0 pair of gloves.
  1930 | D:3      | 1930 ||| READING scroll labelled BUOXOTEXKAR.
  1970 | D:3      | Became a worshipper of Warmaster Okawaru
  1971 | D:3      | 1971 ||| PLANNING D:1-11
  2231 | D:3      | Found a sparkling altar of Nemelex Xobeh.
  2348 | D:3      | HP: 3/36 [worm (7)]
  2349 | D:3      | 2349 ||| READING 3 scrolls of teleportation.
  2531 | D:3      | HP: 6/36 [orc wizard/magic dart (5)]
  2532 | D:3      | 2532 ||| READING 2 scrolls of teleportation.
  2532 | D:3      | HP: 1/36 [orc/+0 dagger (2)]
  2785 | D:3      | 2785 ||| UPGRADING to +0 leather armour of fire resistance.
  2792 | D:3      | 2792 ||| UPGRADING to +0 leather armour of fire resistance.
  2841 | D:3      | 2841 ||| READING scroll labelled URAIGE PEYLO.
  2842 | D:3      | 2842 ||| READING scroll labelled ORIHICIGUJ.
  2843 | D:3      | 2843 ||| DRINKING 2 fuming red potions.
  2885 | D:3      | Reached skill level 5 in Ranged Weapons
  2887 | D:4      | 2887 ||| PLANNING OSSUARY
  2926 | D:4      | Noticed an ogre
  2932 | D:4      | Killed an ogre
  2933 | D:4      | Reached skill level 3 in Fighting
  2933 | D:4      | Reached XP level 5. HP: 14/46 MP: 5/5
  3077 | D:4      | Reached XP level 6. HP: 25/52 MP: 6/6
  3204 | D:4      | Found a broken altar of Ashenzari.
  3232 | D:4      | Reached skill level 6 in Ranged Weapons
  3595 | D:4      | 3595 ||| RIP OSSUARY
  3596 | D:4      | 3596 ||| PLANNING D:1-11
  3673 | D:4      | Found a staircase to the Ecumenical Temple.
  3905 | D:4      | Reached * piety under Okawaru
  4105 | D:5      | Entered Level 5 of the Dungeon
  4106 | D:5      | 4106 ||| PLANNING SEWER
  4157 | D:5      | Found Cinasm's Armour Boutique.
  4165 | D:5      | 4165 ||| READING scroll of enchant armour.
  4165 | D:5      | 4165 ||| ENCHANTING +0 pair of gloves.
  4311 | D:5      | 4311 ||| INVOKING Heroism.
  4323 | D:5      | Reached skill level 7 in Ranged Weapons
  4323 | D:5      | Reached XP level 7. HP: 40/60 MP: 5/7
  4323 | D:5      | 4323 ||| INVOKING Heroism.
  4611 | D:5      | Reached skill level 8 in Ranged Weapons
  4611 | D:5      | Reached skill level 1 in Invocations
  4731 | D:5      | 4731 ||| SWAPPING to +0 orcbow.
  4742 | D:5      | 4742 ||| DROPPING +2 sling.
  4775 | D:5      | 4775 ||| RIP SEWER
  4834 | D:5      | 4834 ||| PLANNING D:1-11
  5006 | D:5      | 5006 ||| DROPPING +6 ring of intelligence.
  5007 | D:5      | 5007 ||| READING scroll labelled NUIBRIANLI.
  5008 | D:5      | 5008 ||| DRINKING 2 smoky dark potions.
  5009 | D:5      | 5009 ||| DRINKING 4 emerald potions.
  5010 | D:5      | 5010 ||| DROPPING potion of attraction.
  5066 | D:6      | 5066 ||| STAIRDANCE
  5069 | D:5      | 5069 ||| INVOKING Heroism.
  5077 | D:5      | Reached skill level 3 in Dodging
  5077 | D:5      | Reached skill level 3 in Invocations
  5302 | D:6      | Reached XP level 8. HP: 57/68 MP: 9/9
  5508 | D:6      | 5508 ||| INVOKING Heroism.
  5777 | D:6      | 5777 ||| DRINKING 3 viscous coppery potions.
  5778 | D:6      | 5778 ||| DRINKING 2 murky dark potions.
  5814 | D:6      | 5814 ||| DROPPING potion of lignification.
  5840 | D:7      | Reached skill level 9 in Ranged Weapons
  5847 | D:7      | Reached skill level 6 in Fighting
  5848 | D:7      | 5848 ||| INVOKING Heroism.
  5858 | D:7      | 5858 ||| Stepping ~*~*~tactically~*~*~ (outnumbered).
  5860 | D:7      | 5860 ||| Stepping ~*~*~tactically~*~*~ (outnumbered).
  5863 | D:7      | 5863 ||| Stepping ~*~*~tactically~*~*~ (outnumbered).
  5880 | D:7      | Reached ** piety under Okawaru
  5881 | D:7      | Reached skill level 10 in Ranged Weapons
  5882 | D:7      | 5882 ||| Stepping ~*~*~tactically~*~*~ (outnumbered).
  5886 | D:7      | 5886 ||| Stepping ~*~*~tactically~*~*~ (outnumbered).
  5890 | D:7      | 5890 ||| FLEEEEING.
  5900 | D:7      | 5900 ||| STAIRDANCE
  5959 | D:7      | 5959 ||| INVOKING Heroism.
  6061 | D:7      | 6061 ||| INVOKING Heroism.
  6082 | D:7      | HP: 14/70 [orc priest/divine providence (10)]
  6083 | D:7      | 6083 ||| READING 3 scrolls of teleportation.
  6083 | D:7      | HP: 6/70 [bullfrog (1)]
  6084 | D:7      | 6084 ||| DRINKING potion of heal wounds.
  6085 | D:7      | Reached XP level 9. HP: 40/75 MP: 11/11
  6139 | D:7      | 6139 ||| INVOKING Heroism.
  6321 | D:7      | 6321 ||| READING scroll of enchant weapon.
  6321 | D:7      | 6321 ||| ENCHANTING +0 orcbow.
  6555 | D:7      | 6555 ||| INVOKING Heroism.
  6558 | D:7      | Noticed Maggie
  6574 | D:7      | 6574 ||| INVOKING Heroism.
  6574 | D:7      | HP: 19/79 [Maggie/bolt of fire (5)]
  6575 | D:7      | 6575 ||| READING 2 scrolls of teleportation.
  6576 | D:7      | 6576 ||| DRINKING potion of heal wounds.
  6578 | D:7      | Killed Maggie
  6779 | D:7      | 6779 ||| INVOKING Heroism.
  6903 | D:7      | 6903 ||| UPGRADING to +1 leather armour of fire resistance.
  6913 | D:7      | 6913 ||| DROPPING +0 ring mail.
  6914 | D:7      | 6914 ||| DROPPING +0 leather armour of fire resistance.
  6915 | D:7      | 6915 ||| READING 2 scrolls of identify.
  6915 | D:7      | 6915 ||| IDENTIFYING clear potion
  6936 | D:8      | 6936 ||| INVOKING Heroism.
  6945 | D:8      | Reached skill level 11 in Ranged Weapons
  6956 | D:8      | 6956 ||| STAIRDANCE
  6965 | D:7      | 6965 ||| INVOKING Heroism.
  7074 | D:8      | 7074 ||| INVOKING Heroism.
  7105 | D:8      | 7105 ||| FLEEEEING.
  7106 | D:8      | 7106 ||| FLEEEEING.
  7107 | D:8      | 7107 ||| FLEEEEING.
  7108 | D:8      | 7108 ||| FLEEEEING.
  7109 | D:8      | 7109 ||| FLEEEEING.
  7112 | D:8      | 7112 ||| FLEEEEING.
  7113 | D:8      | 7113 ||| FLEEEEING.
  7114 | D:8      | 7114 ||| FLEEEEING.
  7115 | D:8      | 7115 ||| FLEEEEING.
  7116 | D:8      | 7116 ||| FLEEEEING.
  7117 | D:8      | 7117 ||| FLEEEEING.
  7118 | D:8      | 7118 ||| STAIRDANCE
  7255 | D:7      | 7255 ||| UPGRADING to +0 cloak.
  7265 | D:8      | 7265 ||| STAIRDANCE
  7489 | D:8      | Reached skill level 12 in Ranged Weapons
  7534 | D:8      | 7534 ||| INVOKING Heroism.
  7793 | D:8      | 7793 ||| Stepping ~*~*~tactically~*~*~ (outnumbered).
  7795 | D:8      | 7795 ||| Stepping ~*~*~tactically~*~*~ (outnumbered).
  7797 | D:8      | 7797 ||| Stepping ~*~*~tactically~*~*~ (outnumbered).
  7798 | D:8      | 7798 ||| Stepping ~*~*~tactically~*~*~ (outnumbered).
  7800 | D:8      | 7800 ||| INVOKING Heroism.
  7889 | D:8      | 7889 ||| INVOKING Heroism.
  7902 | D:8      | Reached XP level 10. HP: 25/88 MP: 10/12
  8123 | D:8      | 8123 ||| READING scroll labelled ZULUSI MAONAVO.
  8124 | D:8      | 8124 ||| DRINKING 2 yellow potions.
  8125 | D:8      | 8125 ||| READING 2 scrolls of identify.
  8125 | D:8      | 8125 ||| IDENTIFYING green potion
  8126 | D:8      | 8126 ||| DROPPING potion of degeneration.
  8283 | D:9      | 8283 ||| READING scroll of enchant weapon.
  8283 | D:9      | 8283 ||| ENCHANTING +1 orcbow.
  8310 | D:9      | 8310 ||| INVOKING Heroism.
  8315 | D:9      | Noticed Grum
  8317 | D:9      | 8317 ||| Stepping ~*~*~tactically~*~*~ (outnumbered).
  8335 | D:9      | 8335 ||| INVOKING Heroism.
  8343 | D:9      | Paralysed by Grum for 3 turns
  8344 | D:9      | HP: 15/88 [Grum/-2 glaive (23)]
  8345 | D:9      | Slain by Grum

Levels and vault maps discovered:
D:1:      heliophobic_arrival_ceremonial_halls, layout_loops_ring,
          shapermc_ecumenical_altar_acropolis, serial_co_window_serial,
          co_window_paths_a, co_window_corner_a, co_window_paths_a,
          co_window_of_opportunity_a, co_window_paths_b, co_window_corner_b,
          co_window_unsneaky_path_c, co_window_broadway_b, co_window_4corner_a,
          glass_columns_a
D:2:      layout_loops_cross, hangedman_feature_mirror, kennysheep_another_room
D:3:      layout_loops_ring, nemelex_dance_club_becter, jmf_multi_god_temple,
          minmay_surrounded
D:4:      layout_loops_ring, evilmike_ruin_ashenzari,
          minmay_temple_entry_purple_smoke, nicolae_ossuary_entry_catacombs,
          nicolae_kite_square_tiling_tiny
D:5:      layout_basic, serial_shops, nicolae_shop_scrapyard,
          portal_sewer_entry_e
D:6:      layout_cave_pools
D:7:      kennysheep_six_static_rooms, layout_cave_pools, uniq_maggie
D:8:      layout_cave_pools, enter_bailey_3
D:9:      layout_rooms, nicolae_tso_carved_into_rock, kennysheep_pointless_box,
          minmay_diamond_spiral, uniq_grum

Skill      XL: |  1  2  3  4  5  6  7  8  9 |
---------------+----------------------------+-----
Ranged Weapons | 3 4 5 7 8 10 12 | 12.7
Fighting       | 2 3 4 5 6 8 |  8.0
Armour         | 1 2 |  2.9
Invocations    | 3 4 |  4.3
Dodging        | 3 4 5 |  5.0
Spellcasting   | |  1.0
Hexes          | |  2.0

Action                     |  1- 3 |  4- 6 |  7- 9 | 10-12 || total
---------------------------+-------+-------+-------+-------++-------
   Fire: Sling             |   122 |   221 |    21 |       ||   364
         Orcbow            |       |       |   338 |    71 ||   409
 Invoke: Heroism           |       |     1 |    16 |     2 ||    19
    Use: Scroll            |     6 |     6 |     5 |     3 ||    20
         Potion            |       |     1 |     6 |     1 ||     8
 Armour: Robe              |     6 |       |       |       ||     6
         Ring mail         |    10 |    14 |       |       ||    24
         Leather armour    |       |    31 |    52 |     2 ||    85
  Dodge: Dodged            |    36 |    79 |   170 |    28 ||   313

Table legend:
 A = Non-vault XP
 B = Vault XP
 C = Vault XP percentage of total XP
 D = Non-vault monster count
 E = Vault monster count
 F = Vault count percentage of total count
                 A         B        C        D         E       F
            +---------+---------+-------+---------+---------+-------
      Total |    5597 |     894 |  13.8 |     157 |      25 |  13.7
            +---------+---------+-------+---------+---------+-------
        D:1 |      51 |       0 |   0.0 |      27 |       0 |   0.0
        D:2 |      19 |       0 |   0.0 |      13 |       0 |   0.0
        D:3 |      87 |      17 |  16.3 |      16 |       8 |  33.3
        D:4 |     388 |      84 |  17.8 |      18 |       6 |  25.0
        D:5 |     761 |       0 |   0.0 |      15 |       0 |   0.0
        D:6 |     497 |       0 |   0.0 |       5 |       0 |   0.0
        D:7 |    1358 |     662 |  32.8 |      29 |       6 |  17.1
        D:8 |    1781 |       7 |   0.4 |      23 |       4 |  14.8
        D:9 |     655 |     124 |  15.9 |      11 |       1 |   8.3
            +---------+---------+-------+---------+---------+-------
